 Dungeon Crawl Stone Soup version 0.22-a0-305-gd21a89c (webtiles) character file.

1426 xccam the Carver (level 9, -5/64 HPs)
             Began as a Formicid Fighter on Mar 30, 2018.
             Slain by an ogre
             ... wielding a +0 giant club
              (24 damage)
             ... on level 5 of the Dungeon.
             The game lasted 00:13:23 (4286 turns).

xccam the Carver (Formicid Fighter)                 Turns: 4286, Time: 00:13:24

Health: -5/64      AC: 10    Str: 22    XL:     9   Next: 3%
Magic:  9/9        EV:  9    Int:  9    God:
Gold:   202        SH: 11    Dex: 11    Spells: 8/8 levels left

rFire    . . .     SeeInvis +   a - +1 long sword
rCold    . . .     Gourm    .   c - +0 shield
rNeg     . . .     Faith    .   b - +0 scale mail
rPois    .         Spirit   .   (helmet unavailable)
rElec    .         Reflect  .   d - +0 cloak
rCorr    .         Harm     .   r - +1 pair of gloves
MR       .....                  (no boots)
Stlth    ..........             (no amulet)
HPRegen  0.20/turn              (no ring)
MPRegen  0.11/turn              (no ring)

@: no status effects
A: permanent stasis, dig shafts and tunnels, four strong arms, antennae 3
a: Dig, Shaft Self


You were on level 5 of the Dungeon.
You were not hungry.

You visited 1 branch of the dungeon, and saw 5 of its levels.
You also visited: Ossuary.

You collected 202 gold pieces.

Inventory:

Hand Weapons
 a - a +1 long sword (weapon)
Armour
 b - a +0 scale mail (worn)
 c - a +0 shield (worn)
 d - a +0 cloak (worn)
 r - a +1 pair of gloves (worn)
Jewellery
 p - an uncursed ring of ice
Wands
 i - a wand of digging (4)
Scrolls
 g - a scroll of enchant armour {unknown}
 j - a scroll of enchant weapon
 k - 3 scrolls of remove curse
 o - a scroll of magic mapping {unknown}
 s - 2 scrolls of blinking {unknown}
 t - 2 scrolls of teleportation {unknown}
 v - 2 scrolls of amnesia {unknown}
Potions
 e - a potion of invisibility
 l - a potion of brilliance
 q - 2 potions of ambrosia
Comestibles
 f - 9 rations
 h - 2 chunks of flesh


   Skills:
 - Level 3.2 Fighting
 - Level 9.4 Long Blades
 - Level 3.2 Armour
 + Level 7.1 Shields


You had 8 spell levels left.
You didn't know any spells.

Dungeon Overview and Level Annotations

Branches:
Dungeon (5/15)
 Temple: D:4-7

Altars:
Ashenzari
Dithmenos
Fedhas
Kikubaaqudgha
Ru
Sif Muna


Innate Abilities, Weirdness & Mutations

You cannot be hasted, slowed, berserked, paralysed or teleported.
You can dig through walls and to a lower floor.
Your four strong arms can wield two-handed weapons with a shield.
You have a pair of large antennae on your head. (SInv)


Message History

You hit the ogre.
The ogre is lightly wounded.
You block the ogre's attack.
You hit the ogre.
The ogre is moderately wounded.
You barely miss the ogre.
The ogre is moderately wounded.
You block the ogre's attack.
You hit the ogre but do no damage.
The ogre is moderately wounded.
The ogre hits you with a giant club!!
* * * LOW HITPOINT WARNING * * *
You are too injured to fight recklessly!
You are too injured to fight recklessly!
You are too injured to fight recklessly!
You are too injured to fight recklessly!
You hit the ogre.
The ogre is heavily wounded.
The ogre hits you with a giant club!!
You die...

#####..# .......#
######(# # #.# # #.#
####### ## #)#
#.....# .#
#.####.###.# # .###
#......#
#.######...# ...#
######.###O@.......#
##.####
#.....#########
#....# #######
##....###
#.{.....##########
#................#
........########.#
.#....### #.#
.#....# #.#


You could see an ogre.

Vanquished Creatures
  The ghost of xccam the Chopper, a novice FoFi (D:4)
  Sigmund (D:5)
  2 centaurs
  A bullfrog (D:5)
  A scorpion (D:4)
  A water moccasin skeleton (D:3)
  A howler monkey (D:5)
  An orc priest (D:4)
  4 orc wizards
  Jessica (D:2)
  A worker ant (D:5)
  5 big kobold zombies (Ossuary)
  A mummy (Ossuary)
  7 adders
  A gnoll (D:1)
  A shadow imp (D:5)
  6 worms
  4 dart slugs
  3 leopard geckos (D:1)
  13 orcs
  4 spectral bats (Ossuary)
  A ball python (D:3)
  2 giant cockroaches
  7 gnoll zombies (Ossuary)
  5 goblins
  8 hobgoblins
  10 jackals
  6 kobolds
  A quokka (D:3)
  4 bats
  A bat simulacrum (Ossuary)
  2 frilled lizards
  4 goblin simulacra (Ossuary)
  3 goblin zombies (Ossuary)
  A hobgoblin zombie (Ossuary)
  A kobold simulacrum (Ossuary)
  8 kobold zombies (Ossuary)
  A leopard gecko skeleton (D:4)
  6 orc zombies (Ossuary)
  4 rats
  4 rat simulacra (Ossuary)
  3 spectral goblins (Ossuary)
  5 spectral kobolds (Ossuary)
  3 spectral rats (Ossuary)
150 creatures vanquished.

Notes
Turn   | Place    | Note
-------+----------+-------------------------------------------
     0 | D:1      | xccam the Formicid Fighter began the quest for the Orb.
     0 | D:1      | Reached XP level 1. HP: 18/18 MP: 1/1
   116 | D:1      | Reached XP level 2. HP: 24/24 MP: 2/2
   443 | D:1      | Reached skill level 3 in Long Blades
   497 | D:1      | Reached XP level 3. HP: 17/29 MP: 3/3
  1052 | D:2      | Reached skill level 4 in Long Blades
  1052 | D:2      | Reached XP level 4. HP: 31/35 MP: 4/4
  1326 | D:2      | Noticed Jessica
  1340 | D:2      | Killed Jessica
  1340 | D:2      | Reached XP level 5. HP: 28/41 MP: 5/5
  1636 | D:2      | Found a deep blue altar of Sif Muna.
  1636 | D:2      | Found a sacrificial altar of Ru.
  1767 | D:2      | Reached skill level 5 in Long Blades
  1889 | D:3      | Found a blossoming altar of Fedhas.
  1925 | D:3      | Found a faded altar of an unknown god.
  1939 | D:3      | Became a worshipper of Sif Muna the Loreminder
  1939 | D:3      | Reached * piety under Sif Muna
  2001 | D:3      | Found a shadowy altar of Dithmenos.
  2019 | D:3      | Fell from the grace of Sif Muna
  2045 | D:3      | Found an ancient bone altar of Kikubaaqudgha.
  2212 | D:3      | Reached skill level 6 in Long Blades
  2212 | D:3      | Reached XP level 6. HP: 41/47 MP: 2/6
  2405 | D:3      | Found a shattered altar of Ashenzari.
  2619 | D:4      | Noticed xccam's ghost (novice FoFi)
  2838 | D:4      | Found a sand-covered staircase.
  2857 | D:4      | Reached XP level 7. HP: 35/52 MP: 7/7
  2859 | Ossuary  | Entered an ossuary
  2914 | Ossuary  | Reached skill level 7 in Long Blades
  3608 | D:4      | Killed xccam's ghost
  3608 | D:4      | Reached skill level 9 in Long Blades
  3608 | D:4      | Reached XP level 8. HP: 5/58 MP: 8/8
  4098 | D:5      | Entered Level 5 of the Dungeon
  4190 | D:5      | Reached skill level 5 in Shields
  4214 | D:5      | Noticed Sigmund
  4224 | D:5      | Killed Sigmund
  4261 | D:5      | Reached XP level 9. HP: 37/64 MP: 9/9
  4286 | D:5      | Slain by an ogre

Vault maps used:
D:1:      dpeg_arrival_erosion
D:2:      gammafunk_temple_overflow_pools, small_statue_intersection,
          uniq_jessica
D:3:      lemuel_doored_altar, lemuel_coloured_pillars_altar,
          kiku_gazebo_pond_becter, lemuel_crystal_altar,
          chequers_ecumenical_altar_simple_redux, first_ration
D:4:      enter_ossuary_1
D:5:      old_standard_altar, old_standard_altar, uniq_grinder,
          uniq_crazy_yiuf_cottage, uniq_sigmund
Ossuary:  ossuary_zaba_two_paths

Skill      XL: |  1  2  3  4  5  6  7  8 |
---------------+-------------------------+-----
Long Blades    | 3 4 6 9 |  9.4
Shields        | 7 |  7.1
Fighting       | |  3.2
Armour         | |  3.2

Action                   |  1- 3 |  4- 6 |  7- 9 || total
-------------------------+-------+-------+-------++-------
Melee: Long sword        |    76 |   182 |   337 ||   595
Invok: Renounce Religion |       |     1 |       ||     1
  Use: Potion            |       |     1 |     9 ||    10
       Scroll            |       |       |     5 ||     5
 Stab: Invisible         |       |       |     2 ||     2
  Eat: Chunk             |       |     6 |     3 ||     9
       Ration            |       |       |     1 ||     1
Armor: Scale mail        |    25 |    53 |   106 ||   184
Dodge: Dodged            |    20 |    43 |    98 ||   161
Block: Shield            |    39 |    85 |   129 ||   253
       Rpst.: Long sword |     7 |    14 |    33 ||    54

Table legend:
 A = Spawn XP
 B = Non-spawn XP
 C = Spawn XP percentage of total XP
 D = Spawn monster count
 E = Non-spawn monster count
 F = Spawn count percentage of total count
 G = Total turns spent on level
                    A         B        C        D         E        F      G
               +---------+---------+-------+---------+---------+-------+---------
         Total |       0 |    2038 |   0.0 |       0 |     150 |   0.0 |  4286
               +---------+---------+-------+---------+---------+-------+---------
           D:1 |       0 |      54 |   0.0 |       0 |      20 |   0.0 |   984
           D:2 |       0 |     119 |   0.0 |       0 |      20 |   0.0 |   864
           D:3 |       0 |     224 |   0.0 |       0 |      21 |   0.0 |   807
           D:4 |       0 |     895 |   0.0 |       0 |      20 |   0.0 |  1027
           D:5 |       0 |     531 |   0.0 |       0 |      13 |   0.0 |   188
       Ossuary |       0 |     215 |   0.0 |       0 |      56 |   0.0 |   416
               +---------+---------+-------+---------+---------+-------+---------
